 Dungeon Crawl Stone Soup version 0.24-a0-203-gf0bc1e9 (webtiles) character file.

Game seed: 16840567720768231690

171 Borgoz the Cutter (level 5, -6/39 HPs)
             Began as a Demonspawn Gladiator on Mar 27, 2019.
             Killed from afar by an orc wizard (8 damage)
             ... with a puff of frost
             ... on level 3 of the Dungeon.
             The game lasted 00:03:54 (2996 turns).

Borgoz the Cutter (Demonspawn Gladiator)            Turns: 2996, Time: 00:03:54

Health: -6/39      AC:  3    Str: 19    XL:     5   Next: 26%
Magic:  5/5        EV: 13    Int: 10    God:
Gold:   76         SH:  0    Dex: 15    Spells: 4/4 levels left

rFire    . . .     SeeInvis .   a - +0 rapier
rCold    . . .     Gourm    .   (no shield)
rNeg     . . .     Faith    .   b - +0 leather armour
rPois    .         Spirit   .   (helmet restricted)
rElec    .         Reflect  .   (no cloak)
rCorr    .         Harm     .   (no gloves)
MR       .....                  (no boots)
Stlth    +.........             (no amulet)
HPRegen  0.13/turn              (no ring)
MPRegen  0.09/turn              (no ring)

@: mighty, hasted, very quick
A: antennae 1
a: no special abilities


You were on level 3 of the Dungeon.
You were not hungry.

You visited 1 branch of the dungeon, and saw 3 of its levels.

You collected 76 gold pieces.

Inventory:

Hand Weapons
 a - a +0 rapier (weapon)
Missiles
 d - 3 throwing nets (quivered)
Armour
 b - a +0 leather armour (worn)
 n - a +0 plate armour
Wands
 m - a wand of paralysis (4)
Scrolls
 e - 3 scrolls of remove curse
 k - 2 scrolls of enchant armour {unknown}
 l - a scroll of magic mapping {unknown}
 o - a scroll of amnesia {unknown}
 p - a scroll of fog {unknown}
 r - a scroll of random uselessness {unknown}
Potions
 i - a potion of agility
Comestibles
 f - 8 rations


   Skills:
 + Level 2.7 Fighting
 * Level 3.6 Short Blades
 + Level 2.4 Throwing
 * Level 2.0 Armour
 * Level 3.5 Dodging


You had 4 spell levels left.
You didn't know any spells.
Your spell library was empty.

Dungeon Overview and Level Annotations

Branches:
Dungeon (3/15)

Altars:
Kikubaaqudgha
Nemelex Xobeh
Qazlal
Wu Jian

Annotations:
D:3 2 transporters


Innate Abilities, Weirdness & Mutations

You have a pair of small antennae on your head.


Message History

You feel very mighty all of a sudden.
Something hits you but does no damage. x2
You closely miss something. You miss something. Something hits you.
* * * LOW HITPOINT WARNING * * *
You miss something. Something hits you but does no damage.
You closely miss something. Something hits you but does no damage.
You completely miss something.
You hear some strange, mumbled words.
A puff of flame appears from out of thin air!
The puff of flame hits you!
* * * LOW HITPOINT WARNING * * *
You barely miss something. Something hits you.
* * * LOW HITPOINT WARNING * * *
It was a potion of haste.
You feel yourself speed up. Something hits you.
* * * LOW HITPOINT WARNING * * *
You hear some strange, mumbled words.
A puff of frost appears from out of thin air!
The puff of frost hits you!
You die...

########## #........#
#.######.# #.# #.# #######
#.# ####.### #.....# #.#
#......#####.###.# #.#
#.[#.#.).....# #.#
#.###....#######.###.#
#######.##..@..# #.....#
#..............# ###.###
##.##########.### #.# ...
#.# #.#
#.#.#########.####### #.#
#.....oo....{.......# #.#
#.#)###############.# #.#
#.#8P#≈≈≈≈≈;≈#P8#.#####.#
#...#..#.......#..#..##.#.#


You could see an electric eel.

Vanquished Creatures
  An orc wizard (D:3)
  4 gnolls (D:3)
  6 adders (D:2)
  A shadow imp (D:2)
  7 bats
  3 giant cockroaches
  3 hobgoblins
  6 kobolds
  A ball python (D:2)
  A frilled lizard (D:3)
  9 goblins
  8 rats
50 creatures vanquished.

Notes
Turn   | Place    | Note
-------+----------+-------------------------------------------
     0 | D:1      | Borgoz the Demonspawn Gladiator began the quest for the
                  | Orb.
     0 | D:1      | Reached XP level 1. HP: 16/16 MP: 1/1
   192 | D:1      | Gained mutation: You have a pair of small antennae on your
                  | head. [demonic ancestry]
   192 | D:1      | Reached XP level 2. HP: 17/22 MP: 2/2
   525 | D:1      | Found a sparkling altar of Nemelex Xobeh.
   724 | D:2      | Reached skill level 1 in Armour
   746 | D:2      | Reached XP level 3. HP: 3/27 MP: 3/3
  1316 | D:2      | Found a stormy altar of Qazlal.
  1679 | D:2      | Found an ornate altar of the Wu Jian Council.
  1705 | D:2      | Reached XP level 4. HP: 14/34 MP: 4/4
  2017 | D:2      | Found an ancient bone altar of Kikubaaqudgha.
  2663 | D:3      | Found a transporter.
  2742 | D:3      | Reached XP level 5. HP: 16/39 MP: 5/5
  2943 | D:3      | Found a transporter.
  2986 | D:3      | HP: 1/39 [something (1)]
  2996 | D:3      | Killed from afar by an orc wizard

Levels and vault maps discovered:
D:1:      lightli_arrival_farm, layout_basic, nemelex_diamond_rough_becter
D:2:      layout_basic, overflow_temple_1_default, lemuel_doored_altar,
          nicolae_overflow_hidden_temple, first_ration
D:3:      gammafunk_steamed_eel, layout_loops_corners

Skill      XL: |  1  2  3  4  5 |
---------------+----------------+-----
Armour         | 1 2 |  2.0
Short Blades   | 3 |  3.6
Throwing       | 2 |  2.4
Dodging        | 3 |  3.5
Fighting       | |  2.7

Action                   |  1- 3 |  4- 6 || total
-------------------------+-------+-------++-------
Melee: Rapier            |   115 |    98 ||   213
  Use: Potion            |       |     4 ||     4
       Scroll            |       |     3 ||     3
 Stab: Sleeping          |       |     1 ||     1
  Eat: Chunk             |     2 |     5 ||     7
Armor: Leather armour    |    30 |    26 ||    56
Dodge: Dodged            |    97 |    51 ||   148

Table legend:
 A = Non-vault XP
 B = Vault XP
 C = Vault XP percentage of total XP
 D = Non-vault monster count
 E = Vault monster count
 F = Vault count percentage of total count
                 A         B        C        D         E       F
            +---------+---------+-------+---------+---------+-------
      Total |     245 |       0 |   0.0 |      50 |       0 |   0.0
            +---------+---------+-------+---------+---------+-------
        D:1 |      26 |       0 |   0.0 |      18 |       0 |   0.0
        D:2 |     108 |       0 |   0.0 |      18 |       0 |   0.0
        D:3 |     111 |       0 |   0.0 |      14 |       0 |   0.0
            +---------+---------+-------+---------+---------+-------
